 Dungeon Crawl Stone Soup version 0.31-a0-355-g57cb03d3e8 (webtiles) character file.

Game seed: 14529070137944127730

5730 Dordric the Grappler (level 10, -3/83 HPs)
             Began as a Troll Shapeshifter on July 24, 2023.
             Was a Believer of Makhleb.
             Slain by a molten gargoyle
             ... wielding a +0 flail
              (6 damage)
             ... on level 11 of the Dungeon.
             The game lasted 00:09:47 (8165 turns).

Dordric the Grappler (Troll Shapeshifter)           Turns: 8165, Time: 00:09:48

Health: -3/83      AC: 12    Str: 25    XL:     10   Next: 48%
Magic:  9/9        EV:  9    Int:  4    God:    Makhleb [**....]
Gold:   766        SH:  0    Dex: 14    Spells: 9/9 levels left

rFire   + . .        h - +3 dagger (distort)
rCold   x . .        (no shield)
rNeg    . . .        A - +0 acid dragon scales
rPois   .            (helmet currently unavailable)
rElec   .            (cloak currently unavailable)
rCorr   +            (gloves unavailable)
SInv    .            (boots unavailable)
Will    .....        K - amulet of regeneration
Stlth   +            y - ring of fire
HPRegen 1.93/turn    J - +4 ring of protection
MPRegen 0.11/turn

%: no passive effects
@: beast-form
A: beast (slay +7), large, unfitting armour, claws 3, regeneration 1, shaggy fur
1, tough skin 1
a: Begin Untransformation, Renounce Religion, Minor Destruction


You were on level 11 of the Dungeon.
You worshipped Makhleb.
Makhleb was pleased with you.
You were a hulking beast.
You visited 2 branches of the dungeon, and saw 12 of its levels.

You collected 766 gold pieces.

Inventory:

Hand Weapons
 d - a +2 dagger of venom
 h - a +3 dagger of distortion (weapon)
Armour
 a - a +0 animal skin
 i - a scarf of invisibility
 A - +0 acid dragon scales (worn)
Jewellery
 l - a +6 ring of dexterity
 s - a ring of positive energy
 u - a ring of magical power
 w - a ring of magical power
 y - a ring of fire (left claw)
 B - a ring of positive energy
 C - a +6 ring of intelligence
 J - a +4 ring of protection (right claw)
 K - an amulet of regeneration (around neck)
 N - a ring of protection from fire
 O - an amulet of faith
Talismans
 c - a beast talisman
Wands
 k - a wand of charming (13)
 m - a wand of flame (49)
 H - a wand of polymorph (15)
 Q - a wand of quicksilver (5)
Scrolls
 e - 2 scrolls of immolation
 g - 4 scrolls of fog
 j - 2 scrolls of enchant weapon
 o - 2 scrolls of revelation
 r - a scroll of teleportation
 t - 5 scrolls of identify
 x - a scroll of silence
 D - a scroll of blinking {unknown}
 E - 2 scrolls of enchant armour {unknown}
 F - 3 scrolls of fear {unknown}
 L - 2 scrolls of amnesia {unknown}
 M - a scroll of torment {unknown}
Potions
 b - 2 potions of lignification
 f - a potion of berserk rage {unknown}
 n - 4 potions of heal wounds {unknown}
 p - a potion of might {unknown}
 q - 3 potions of cancellation {unknown}
 v - 3 potions of curing {unknown}
 z - a potion of invisibility {unknown}
 G - 3 potions of brilliance {unknown}
 I - a potion of haste {unknown}
 R - a potion of enlightenment {unknown}
Miscellaneous
 P - a sack of spiders (inert)


   Skills:
 - Level 0.7 Fighting
 - Level 1.5 Dodging
 + Level 11.6 Unarmed Combat
 + Level 10.0 Shapeshifting


You had 9 spell levels left.
You didn't know any spells.
Your spell library contained the following spells:

 Spells                   Type           Power      Damage    Failure   Level
 Wereblood                Tmut           0%         N/A       71%         2
 Summon Ice Beast         Ice/Summ       0%         N/A       100%        4
 Alistair's Intoxication  Tmut/Pois      0%         N/A       100%        5
 Borgnjor's Vile Clutch   Necr/Erth      0%         N/A       100%        5
 Irradiate                Conj/Tmut      0%         3d11      100%        5
 Summon Mana Viper        Hex/Summ       0%         N/A       100%        5
 Eringya's Noxious Bog    Tmut/Pois      0%         4d6       100%        6
 Monstrous Menagerie      Summ           0%         N/A       100%        7


Dungeon Overview and Level Annotations

Branches:
Dungeon (11/15)            Temple (1/1) D:7
   Lair: D:8-11         Orc: D:9-12

Altars:
Ashenzari
Cheibriados
Dithmenos
Elyvilon
Fedhas
Gozag
Hepliaklqana
Kikubaaqudgha
Makhleb
Nemelex Xobeh
Okawaru
Qazlal
Ru
Sif Muna
Trog
Uskayaw
Vehumet
Wu Jian
Xom
Zin
The Shining One

Shops:
D:9 [   D:10 [

Annotations:
D:1 1 runed translucent door


Innate Abilities, Weirdness & Mutations

You are a hulking beast.
Your limbs bulge with bestial killing power. (Slay +7)
You are too large for most types of armour.
You have claws for hands.
Your natural rate of healing is unusually fast.
You are covered in fur. (AC +1)
You have tough skin. (AC +1)


Message History

The bolt of magma hits the lava snake!
The lava snake partially resists.
The bolt of magma hits you!! You partially resist.
The lava snake spits lava at you. The glob of lava hits you.
You partially resist.
You completely miss the lava snake.
The lava snake is severely wounded.
The lava snake bites you.
You are engulfed in flames.
You resist.
You closely miss the lava snake.
The lava snake is severely wounded.
The lava snake spits lava at you. The glob of lava hits you!
You partially resist.
You barely miss the lava snake.
The lava snake is severely wounded.
The lava snake bites you but does no damage.
The molten gargoyle attacks as you move away!
The molten gargoyle hits you with a +0 flail!
You are engulfed in flames.
You resist.
The lava snake bites you but does no damage.
The molten gargoyle attacks as you move away!
The molten gargoyle hits you with a +0 flail.
You are engulfed in flames.
You resist.
There is a stone staircase leading up here.
You closely miss the molten gargoyle.
The molten gargoyle hits you with a +0 flail.
You are engulfed in flames.
You resist.
* * * LOW HITPOINT WARNING * * *
You hit the molten gargoyle but do no damage.
Space warps around the molten gargoyle.
The molten gargoyle is lightly damaged.
The molten gargoyle hits you with a +0 flail.
* * * LOW HITPOINT WARNING * * *
You are engulfed in flames.
You resist.
* * * LOW HITPOINT WARNING * * *
You reach into the sack... ...and things crawl out!
The sack is emptied!
You hit the molten gargoyle.
Space warps around the molten gargoyle.
The molten gargoyle is heavily damaged.
The molten gargoyle hits you with a +0 flail!
* * * LOW HITPOINT WARNING * * *
You are engulfed in flames.
You resist.
You die...

## ### ##≈≈≈
#h# ##≈≈≈#
##9##§≈≈≈#
##≈sS§§§≈#
#8≈≈....≈#
##≈.§≈≈.§.#
##.##≈≈§...§
#<# ##≈≈≈.≈
### ##≈≈§ ##


You could see a molten gargoyle, a lava snake (ally target) and a friendly
scorpion (summoned).

Vanquished Creatures
  A manticore (D:9)
  Grinder (D:6)
  3 trolls
  A shadow (D:10)
  3 yaks (D:7)
  A wyvern (D:9)
  Eustachio (D:6)
  2 steam dragons (D:10)
  An acid dragon (D:6)
  A water moccasin (D:9)
  A black bear (D:7)
  3 orc warriors
  2 ice beasts (D:7)
  5 centaurs
  A phantom (D:7)
  A kobold brigand (D:8)
  2 bullfrogs
  13 wights
  2 killer bees (D:10)
  A lava snake (D:11)
  4 orc priests
  8 orc wizards
  A sleepcap (D:6)
  3 iguanas
  9 adders
  2 white imps (D:5)
  An ufetubus (D:4)
  2 worms (D:4)
  A dart slug (D:3)
  21 orcs
  7 bats
  7 endoplasms
  3 giant cockroaches
  9 hobgoblins
  2 jackals (D:1)
  4 quokkas
  8 ball pythons
  7 frilled lizards
  5 goblins
  13 kobolds
  3 rats
166 creatures vanquished.

Notes
Turn   | Place    | Note
-------+----------+-------------------------------------------
     0 | D:1      | Dordric the Troll Shapeshifter began the quest for the Orb.
     0 | D:1      | Reached XP level 1. HP: 18/18 MP: 0/0
     1 | D:1      | Found a runed translucent door.
    89 | D:1      | Reached XP level 2. HP: 26/26 MP: 1/1
   116 | D:1      | Found a faded altar of an unknown god.
   801 | D:2      | Reached XP level 3. HP: 32/32 MP: 2/2
  1036 | D:2      | Reached skill level 4 in Unarmed Combat
  1068 | D:2      | Reached XP level 4. HP: 39/40 MP: 3/3
  1386 | D:3      | Found a hide-covered altar of Uskayaw.
  2236 | D:4      | Reached XP level 5. HP: 46/46 MP: 4/4
  3069 | D:4      | Reached skill level 5 in Unarmed Combat
  3167 | D:5      | Entered Level 5 of the Dungeon
  3694 | D:5      | Noticed a phantom
  3702 | D:5      | Banished a phantom
  3703 | D:5      | Reached XP level 6. HP: 52/54 MP: 5/5
  4244 | D:6      | Noticed an acid dragon
  4282 | D:5      | Reached skill level 5 in Shapeshifting
  4337 | D:6      | Killed an acid dragon
  4338 | D:6      | Reached skill level 6 in Unarmed Combat
  4338 | D:6      | Reached XP level 7. HP: 25/61 MP: 6/6
  4404 | D:6      | Noticed Grinder
  4415 | D:6      | Killed Grinder
  4541 | D:6      | Noticed Eustachio
  4678 | D:5      | Reached skill level 7 in Unarmed Combat
  4836 | D:6      | Killed Eustachio
  4837 | D:6      | Reached XP level 8. HP: 58/68 MP: 7/7
  4888 | D:6      | Found an iron altar of Okawaru.
  5258 | D:7      | Found a staircase to the Ecumenical Temple.
  5336 | Temple   | Found a transporter.
  5336 | Temple   | Found a transporter.
  5336 | Temple   | Found a transporter.
  5336 | Temple   | Found a transporter.
  5336 | Temple   | Entered the Ecumenical Temple
  5364 | Temple   | Became a worshipper of Makhleb the Destroyer
  5417 | D:7      | Reached skill level 8 in Unarmed Combat
  5595 | D:7      | Found a glowing silver altar of Zin.
  5771 | D:7      | Reached XP level 9. HP: 47/75 MP: 8/8
  5775 | D:7      | Reached skill level 9 in Unarmed Combat
  5945 | D:7      | Noticed a troll
  5949 | D:7      | Killed a troll
  6174 | D:7      | Identified the +7 orcbow of Distant Shores {antimagic,
                  | Int+3}
  6279 | D:8      | Reached * piety under Makhleb
  6356 | D:8      | Reached skill level 10 in Unarmed Combat
  6737 | D:9      | Found Beoseadghu's Antique Armour Boutique.
  6768 | D:9      | Noticed a troll
  6784 | D:9      | Killed a troll
  6851 | D:9      | Reached XP level 10. HP: 83/83 MP: 9/9
  7095 | D:9      | Found a bloodstained altar of Trog.
  7171 | D:9      | Reached skill level 11 in Unarmed Combat
  7209 | D:9      | Noticed a two-headed ogre
  7213 | D:9      | a two-headed ogre changed into a manticore
  7213 | D:9      | Noticed a manticore
  7296 | D:9      | Killed a manticore
  7514 | D:10     | Entered Level 10 of the Dungeon
  7602 | D:10     | Reached ** piety under Makhleb
  7903 | D:10     | Found Fogroux's Armour Shoppe.
  8151 | D:11     | Noticed a molten gargoyle
  8155 | D:11     | Reached skill level 10 in Shapeshifting
  8165 | D:11     | HP: 3/83 [molten gargoyle/+0 flail (17)]
  8165 | D:11     | Slain by a molten gargoyle

Illustrated notes

Levels and vault maps discovered:
D:1:      dpeg_arrival_caged_fury, layout_basic,
          hellmonk_ecumenical_altar_heavens_door
D:2:      layout_loops_ring, kennysheep_generic_room_9
D:3:      layout_loops_cross, nicolae_uskayaw_murder_on_the_dancefloor, hex_tiny
D:4:      layout_layer_cave, minmay_joined_circles
D:5:      mumra_celtic_spiral_tile, layout_gridville,
          mainiacjoe_overflow_tiny_flanked, corner_web_ring,
          minmay_misc_feat_ornament
D:6:      layout_basic, okawaru_gym_becter, uniq_eustachio, uniq_grinder
D:7:      layout_gridville, mainiacjoe_overflow_paths,
          minmay_temple_entry_stoned_glass
D:8:      layout_basic, st_stairs_12, hangedman_decor_peaks_small
D:9:      layout_stronghold, lightli_temple_of_fire, serial_shops,
          nicolae_take_the_stairs, nicolae_twisty_statue_hallways
D:10:     layout_irregular_city, serial_shops, nicolae_square_shop,
          nicolae_wand_duel
D:11:     cheibrodos_magma_flow, layout_stronghold, lair_entry_dummy, tgw_xom,
          uniq_urug
Temple:   hellmonk_temple_divided_pantheon

Skill      XL: |  1  2  3  4  5  6  7  8  9 10 |
---------------+-------------------------------+-----
Unarmed Combat | 4 5 6 7 8 10 11 | 11.6
Shapeshifting  | 4 5 6 7 9 10 | 10.0
Fighting       | |  0.7
Dodging        | |  1.5

Action                     |  1- 3 |  4- 6 |  7- 9 | 10-12 || total
---------------------------+-------+-------+-------+-------++-------
  Melee: Unarmed           |    44 |       |       |       ||    44
         Dagger            |    26 |   117 |   152 |    93 ||   388
         Punch             |     1 |     1 |    10 |     7 ||    19
  Evoke: Wand              |       |       |       |     5 ||     5
    Use: Potion            |     1 |       |     1 |       ||     2
         Scroll            |       |       |     6 |     1 ||     7
   Stab: Sleeping          |     1 |     5 |     1 |       ||     7
 Armour: Animal skin       |    12 |    33 |       |       ||    45
         Skin              |       |       |    16 |       ||    16
         Acid dragon scale |       |       |    51 |    68 ||   119
  Dodge: Dodged            |    28 |    60 |    94 |    56 ||   238

Table legend: (Time is in decaauts)
 A = Elapsed time spent in this place.
 B = Non-inter-level travel time spent in this place.
 C = Inter-level travel time spent in this place.
 D = Time resting spent in this place.
 E = Time spent auto-exploring this place.
 F = Levels seen in this place.
 G = Mean time per level.
                   A        B        C        D        E       F      G
               +--------+--------+--------+--------+--------+-----+--------+
         Total |   8165 |   7737 |    428 |    393 |   6059 |  12 |  680.4 |
       Dungeon |   8109 |   7687 |    422 |    393 |   6048 |  11 |  737.2 |
        Temple |     55 |     49 |      6 |      0 |     11 |   1 |   55.0 |
               +--------+--------+--------+--------+--------+-----+--------+

Top non-repeatable levels by time:
     D:5: 1446 daAuts
     D:4: 1096 daAuts
     D:7: 936 daAuts
     D:1: 770 daAuts
     D:9: 748 daAuts
     D:3: 692 daAuts
     D:6: 632 daAuts
    D:10: 627 daAuts
     D:2: 602 daAuts
     D:8: 533 daAuts
  Temple: 55 daAuts
    D:11: 21 daAuts
